 Dungeon Crawl Stone Soup version 0.19-a0-1223-gf83d13a (webtiles) character file.

18 PurpleRed the Conjurer (level 2, -7/15 HPs)
             Began as a Deep Elf Conjurer on Aug 24, 2016.
             Mangled by a centaur skeleton (8 damage)
             ... on level 4 of the Dungeon.
             The game lasted 00:03:45 (312 turns).

PurpleRed the Conjurer (Deep Elf Conjurer)           Turns: 312, Time: 00:03:46

Health: -7/15      AC:  2    Str:  4 (5)  XL:     2   Next: 51%
Magic:  6/8        EV: 13    Int: 22 (24) God:
Gold:   6          SH:  0    Dex: 13 (15) Spells: 2 memorised, 4 levels left

rFire  . . .     SeeInvis .     i - +2 dagger (elec)
rCold  . . .     Gourm    .     a - +0 robe
rNeg   . . .     Faith    .     (no shield)
rPois  .         Spirit   .     (no helmet)
rElec  .         Dismiss  .     (no cloak)
rCorr  .         Reflect  .     (no gloves)
MR     .....     Harm     .     (no boots)
Stlth  ++........ Rnd*Tele +    (no amulet)
                                (no ring)
                                g - ring of teleportation (curse)

@: brilliant
A: no striking features
a: no special abilities


You were on level 4 of the Dungeon.
You were not hungry.

You visited 1 branch of the dungeon, and saw 5 of its levels.

You collected 6 gold pieces.

Inventory:

Hand Weapons
 e - a +0 dagger
 i - a +2 dagger of electrocution (weapon)
Armour
 a - a +0 robe (worn)
Jewellery
 g - a cursed ring of teleportation (left hand)
Potions
 d - a potion of brilliance
 l - a potion of agility {unknown}
Books
 b - a book of Conjurations

   Spells                             Type                      Level
   a - Magic Dart                     Conjuration                  1
   b - Searing Ray                    Conjuration                  2
   c - Dazzling Spray                 Conjuration/Hexes            3
   d - Fulminant Prism                Conjuration/Hexes            4
   e - Iskenderun's Mystic Blast      Conjuration                  4
   f - Iskenderun's Battlesphere      Conjuration/Charms           5
Comestibles
 c - 3 bread rations
 j - a meat ration
 k - a slice of pizza


   Skills:
 - Level 2.4 Dodging
 - Level 2.4 Stealth
 + Level 3.4 Spellcasting
 * Level 5.0 Conjurations


You had 4 spell levels left.
You knew the following spells:

 Your Spells              Type           Power        Failure   Level  Hunger
a - Magic Dart            Conj           ####         1%          1    None
b - Searing Ray           Conj           #####.       1%          2    ##.....


Dungeon Overview and Level Annotations

Branches:
Dungeon (5/15)
 Temple: D:4-7

Altars:
Cheibriados
Qazlal


Message History

The centaur skeleton barely misses you. The centaur skeleton misses you.
It was a potion of curing.
You feel better. The centaur skeleton hits you.
* * * LOW HITPOINT WARNING * * *
Casting: Searing Ray
Confirm with . or Enter, or press ? or * to list all spells.
Aiming: Searing Ray
Press: ? - help, Shift-Dir - straight line, f - centaur skeleton
Aim: a centaur skeleton The searing ray hits the centaur skeleton.
The centaur skeleton is moderately damaged.
The centaur skeleton hits you.
* * * LOW HITPOINT WARNING * * *
The centaur skeleton closely misses you.
Unknown command.
It was a potion of degeneration.
There was something very wrong with that liquid.
You feel weakened.
You feel dopey.
You feel clumsy. The centaur skeleton hits you!
Ouch! That really hurt!
You die...

,,.....###.............,,,,,,,,,,
,,.......o......[......,,,,,,,,>,
,,*#.........#........,,,,,*,*,,,
***#.........#.w...##.,,,,,*,*,,,
***#.........#.....##,,,,,,*,*,,,
,,,#.....w...#......#*,,,,,*+*,,,
,,,#.###...###....#.#*,,,,,,,,,,,
,,,#+###...+...oZ.#,.#,,,,,,,,,,,
,,.....#...####.@.#*,#,,,,,,,,,,,
,,.........# ##+##*,##+***,,,,,,
,,.....#...# *.###..#.# *,,,,,,
,,.......<.#####......#.# *,,,,,,
,,.........##...#+#.....#**,,,,,,
,,..............+_+.....,,,,,,,,,
,,..............#'#..#,,,,,,,,,,,
,,........#..........#,,,,,,,,,,,
*,...##...#..........#*,,..,,,,,,


You could see a worm, an orc and a centaur skeleton.

Vanquished Creatures
  An adder (D:3)
  A dart slug (D:2)
  3 bats
  A giant cockroach (D:4)
  A hobgoblin (D:3)
  2 kobolds
  A toadstool (D:1)
10 creatures vanquished.

Vanquished Creatures (others)
  3 toadstools (D:1)
3 creatures vanquished.

Grand Total: 13 creatures vanquished

Notes
Turn   | Place    | Note
-------+----------+-------------------------------------------
     0 | D:1      | PurpleRed the Deep Elf Conjurer began the quest for the Orb.
     0 | D:1      | Reached XP level 1. HP: 10/10 MP: 6/6
   168 | D:3      | Reached XP level 2. HP: 15/15 MP: 2/8
   172 | D:3      | Learned a level 2 spell: Searing Ray
   201 | D:3      | Reached skill level 5 in Conjurations
   223 | D:4      | Found a snail-covered altar of Cheibriados.
   249 | D:5      | Entered Level 5 of the Dungeon
   278 | D:4      | Found a stormy altar of Qazlal.
   312 | D:4      | Mangled by a centaur skeleton

Vault maps used:
D:1:      ldierk_water_garden
D:2:      overflow_temple_1_default, first_bread
D:3:      elyvilon_altar_1
D:4:      cheibriados_altar_1, kennysheep_mini_moat, kennysheep_mini,
          serial_glass, glass_columns_a, glass_columns_c
D:5:      grunt_decor_arrowhead, nemelex_dance_club_becter

Skill      XL: |  1  2 |
---------------+-------+-----
Conjurations   | 5 |  5.0
Dodging        | |  2.4
Stealth        | |  2.4
Spellcasting   | |  3.4

Action                   || total
-------------------------++-------
Melee: Dagger            ||    10
       Unarmed           ||     1
 Cast: Magic Dart        ||    13
       Searing Ray       ||     2
  Use: Potion            ||     3
       Scroll            ||     2
Armor: Robe              ||     3
Dodge: Dodged            ||     8
